 Dungeon Crawl Stone Soup version 0.25.0-9-g26727b657a (webtiles) character file.

Game seed: 13003345167026233823

175 theswoord the Slasher (level 5, -6/38 HPs)
             Began as a Demonspawn Gladiator on June 16, 2020.
             Mangled by Sigmund
             ... wielding a +1 vampiric scythe
              (9 damage)
             ... on level 3 of the Dungeon.
             The game lasted 00:02:54 (2196 turns).

theswoord the Slasher (Demonspawn Gladiator)        Turns: 2196, Time: 00:02:54

Health: -6/38      AC:  6    Str: 13 (14) XL:     5   Next: 29%
Magic:  5/5        EV: 11    Int:  7 (10) God:
Gold:   83         SH:  0    Dex: 12 (15) Spells: 4/4 levels left

rFire    . . .     SeeInvis .   a - +0 long sword
rCold    + . .     Gourm    .   (no shield)
rNeg     . . .     Faith    .   q - +0 ring mail
rPois    .         Spirit   .   c - +0 helmet
rElec    .         Reflect  .   (no cloak)
rCorr    .         Harm     .   (no gloves)
MR       .....                  (no boots)
Stlth    +.........             (no amulet)
HPRegen  0.12/turn              (no ring)
MPRegen  0.09/turn              (no ring)

@: brilliant
A: cold resistance 1, powered by death 1
a: no special abilities


You were on level 3 of the Dungeon.
You were not hungry.

You visited 1 branch of the dungeon, and saw 3 of its levels.

You collected 83 gold pieces.

Inventory:

Hand Weapons
 a - a +0 long sword (weapon)
Missiles
 d - 3 throwing nets (quivered)
Armour
 b - a +0 leather armour
 c - a +0 helmet (worn)
 o - a +0 leather armour
 q - a +0 ring mail (worn)
Jewellery
 t - an uncursed ring of positive energy {unknown}
Scrolls
 e - 2 scrolls of teleportation
 j - 6 scrolls of remove curse
 k - 2 scrolls of fear {unknown}
 l - 2 scrolls of amnesia {unknown}
 n - a scroll of fog {unknown}
 p - 2 scrolls of enchant armour {unknown}
Potions
 g - a potion of invisibility
 r - a potion of heal wounds
Comestibles
 f - 3 rations


   Skills:
 - Level 2.0 Fighting
 + Level 5.5 Long Blades
 - Level 1.7 Throwing
 - Level 2.6 Dodging


You had 4 spell levels left.
You didn't know any spells.
Your spell library was empty.

Dungeon Overview and Level Annotations

Branches:
Dungeon (3/15)

Altars:

Annotations:
D:3 Sigmund


Innate Abilities, Weirdness & Mutations

Your flesh is cold resistant. (rC+)
You regenerate a little health from kills.


Message History

You miss something.
You hear some strange, mumbled words.
Something tries to affect you, but you resist.
Your ring mail prevents you from hitting something.
Something hits you.
* * * LOW HITPOINT WARNING * * *
You closely miss something. Something barely misses you.
You hit something. You miss something. Something hits you but does no damage.
You completely miss something. Something hits you.
* * * LOW HITPOINT WARNING * * *
You hit something but do no damage. Something hits you!
* * * LOW HITPOINT WARNING * * *
You slash something! You closely miss something. Something hits you.
* * * LOW HITPOINT WARNING * * *
You miss something. Something hits you.
* * * LOW HITPOINT WARNING * * *
You barely miss something. Something hits you!
You die...

...........#
.......<..#
.........#
........###.
#.........?.
#...........
#...........
#.).........
#...@{......
#...........
#...........
#..).[......
#...........
#<..........
#...........
#####.......
#####


There were no monsters in sight!

Vanquished Creatures
  A bullfrog (D:1)
  A worker ant (D:2)
  2 gnolls (D:1)
  3 adders (D:2)
  A dart slug (D:2)
  3 leopard geckos
  An orc (D:3)
  A ball python (D:2)
  3 giant cockroaches
  2 goblins
  6 hobgoblins
  2 kobolds
  4 bats (D:1)
  A frilled lizard (D:1)
  6 rats (D:1)
37 creatures vanquished.

Notes
Turn   | Place    | Note
-------+----------+-------------------------------------------
     0 | D:1      | theswoord the Demonspawn Gladiator began the quest for the
                  | Orb.
     0 | D:1      | Reached XP level 1. HP: 16/16 MP: 1/1
    33 | D:1      | Reached skill level 3 in Long Blades
    33 | D:1      | Gained mutation: You regenerate a little health from kills.
                  | [demonic ancestry]
    33 | D:1      | Reached XP level 2. HP: 7/22 MP: 2/2
   591 | D:1      | Gained mutation: Your flesh is cold resistant. (rC+)
                  | [demonic ancestry]
   591 | D:1      | Reached XP level 3. HP: 27/27 MP: 3/3
   804 | D:1      | Reached skill level 4 in Long Blades
  1058 | D:2      | Noticed a bullfrog
  1078 | D:1      | Killed a bullfrog
  1078 | D:1      | Reached skill level 5 in Long Blades
  1078 | D:1      | Reached XP level 4. HP: 10/33 MP: 4/4
  1296 | D:2      | Reached XP level 5. HP: 18/38 MP: 5/5
  2140 | D:3      | Noticed Sigmund
  2196 | D:3      | Mangled by Sigmund

Skill      XL: |  1  2  3 |
---------------+----------+-----
Long Blades    | 3 5 |  5.5
Fighting       | |  2.0
Throwing       | |  1.7
Dodging        | |  2.6

Action                   |  1- 3 |  4- 6 || total
-------------------------+-------+-------++-------
Melee: Long sword        |    62 |    72 ||   134
  Use: Potion            |     1 |     5 ||     6
       Scroll            |       |     2 ||     2
 Stab: Distracted        |     1 |       ||     1
  Eat: Chunk             |       |     4 ||     4
Armor: Leather armour    |    27 |     7 ||    34
       Skin              |       |    10 ||    10
       Ring mail         |       |     8 ||     8
Dodge: Dodged            |    53 |    47 ||   100
       Rpst.: Long sword |    19 |    11 ||    30

Levels and vault maps discovered:
D:1:      giann_forest_graveyard, layout_loops_ring
D:2:      layout_rooms, serial_glass, glass_columns_b, glass_columns_c,
          glass_columns_a, glass_columns_b, glass_columns_b, glass_columns_b,
          glass_columns_a, glass_columns_b, glass_columns_b, glass_columns_b,
          glass_columns_c, glass_columns_a, glass_columns_c, glass_columns_c,
          chequers_arboretum, serial_bayou_crossing
D:3:      layout_basic, uniq_sigmund
